 Dungeon Crawl Stone Soup version 0.28-a0-1184-g53156a8862 (webtiles) character file.

Game seed: 5038893374307191568

0 siradein the Caller (level 1, 0/14 HPs)
             Began as a Ghoul Summoner on Dec 17, 2021.
             Slain by a jackal (3 damage)
             ... on level 1 of the Dungeon.
             The game lasted 00:00:55 (72 turns).

siradein the Caller (Ghoul Summoner)                  Turns: 72, Time: 00:00:57

Health: 0/14       AC:  2    Str: 11    XL:     1   Next: 0%
Magic:  0/2        EV: 12    Int: 10    God:
Gold:   0          SH:  0    Dex:  9    Spells: 2/3 levels left

rFire   . . .      SeeInvis .   (no weapon)
rCold   + . .      Faith    .   (no shield)
rNeg    + + +      Spirit   .   a - +0 robe
rPois   ∞          Reflect  .   (no helmet)
rElec   .          Harm     .   (no cloak)
rCorr   .          Rampage  .   (no gloves)
Will    .....                   (no boots)
Stlth   ++........              (no amulet)
HPRegen 0.00/turn               (no ring)
MPRegen 0.08/turn               (no ring)

@: inhibited regen
A: claws 1, cold resistance 1, negative energy resistance 3, inhibited
regeneration, torment resistance 2
a: no special abilities


You were on level 1 of the Dungeon.
You visited 1 branch of the dungeon, and saw 1 of its levels.

Inventory:

Armour
 a - a +0 robe (worn)
Scrolls
 b - a scroll of identify {unknown}


   Skills:
 - Level 1.7 Dodging
 - Level 2.1 Stealth
 + Level 1.7 Spellcasting
 + Level 3.6 Summonings


You had 2 spell levels left.
You knew the following spells:

 Your Spells              Type           Power      Damage    Failure   Level
a - Summon Small Mammal   Summ           32%        N/A       8%          1

Your spell library contained the following spells:

 Spells                   Type           Power      Damage    Failure   Level
 Call Imp                 Summ           8%         N/A       11%         2
 Call Canine Familiar     Summ           8%         N/A       22%         3
 Summon Guardian Golem    Hex/Summ       4%         N/A       43%         3
 Summon Lightning Spire   Summ/Air       4%         N/A       83%         4


Dungeon Overview and Level Annotations

Branches:
Dungeon (1/15)

Altars:


Innate Abilities, Weirdness & Mutations

You thrive by killing the living.
You are immune to poison.
You have sharp fingernails.
Your flesh is cold resistant. (rC+)
You are immune to negative energy. (rN+++)
You do not regenerate when monsters are visible.
You are immune to unholy pain and torment.


Message History

Your bat misses the jackal.
Your bat closely misses the jackal.
You scratch the jackal but do no damage.
The jackal is moderately wounded.
Your bat misses the jackal. Your bat hits the jackal.
Your bat closely misses the jackal.
Your bat hits the jackal but does no damage.
The jackal barely misses you. The jackal bites your bat.
Your bat hits the jackal. You closely miss the jackal.
The jackal is heavily wounded.
Your bat closely misses the jackal.
Your bat hits the jackal.
Your bat hits the jackal but does no damage.
The jackal bites your bat.
Your bat dies!
Your bat's corpse disappears in a puff of smoke!
Casting: Summon Small Mammal (safe; 8% risk of failure)
Confirm with . or Enter, or press ? or * to list all spells.
You don't have enough magic to cast this spell.
You closely miss the jackal.
The jackal is lightly wounded.
Your bat barely misses the jackal.
Your bat misses the jackal. The jackal bites your bat.
The jackal barely misses you.
You scratch the jackal.
The jackal is heavily wounded.
Your bat hits the jackal but does no damage.
Your bat barely misses the jackal.
The jackal misses your bat. The jackal bites you.
* * * LOW HITPOINT WARNING * * *
Your bat hits the jackal. The jackal misses your bat.
The jackal closely misses you.
You barely miss the jackal.
The jackal is heavily wounded.
Your bat barely misses the jackal.
Your bat misses the jackal. The jackal barely misses you.
Your bat closely misses the jackal.
You scratch the jackal but do no damage.
The jackal is heavily wounded.
Your bat hits the jackal.
The jackal dies!
The jackal bites you.
You die...

########## .........#####
#####b@hJK..###
......###gK....##
.........###....# #
######......#...## ..
###..<..#...# ...
##....#...# ....
##..[.#...# .....##
###.....#...#
#......#######......#.J.##


You could see an endoplasm, a jackal (ally target), a goblin, 2 kobolds and a
friendly bat (summoned).

Vanquished Creatures (collateral kills)
  A jackal (D:1)
1 creature vanquished.

Notes
Turn   | Place    | Note
-------+----------+-------------------------------------------
     0 | D:1      | siradein the Ghoul Summoner began the quest for the Orb.
     0 | D:1      | Reached XP level 1. HP: 14/14 MP: 2/2
    72 | D:1      | Slain by a jackal

Illustrated notes

Levels and vault maps discovered:
D:1:      dpeg_arrival_oval, layout_basic

Action                   || total
-------------------------++-------
Melee: Unarmed           ||     9
 Cast: Summon Small Mamm ||     3
Armor: Robe              ||    11
Dodge: Dodged            ||    30

Table legend: (Time is in decaauts)
 A = Elapsed time spent in this place.
 B = Non-inter-level travel time spent in this place.
 C = Inter-level travel time spent in this place.
 D = Time resting spent in this place.
 E = Time spent auto-exploring this place.
 F = Levels seen in this place.
 G = Mean time per level.
                   A        B        C        D        E       F      G
               +--------+--------+--------+--------+--------+-----+--------+
         Total |     72 |     72 |      0 |      0 |     25 |   1 |   72.0 |
       Dungeon |     72 |     72 |      0 |      0 |     25 |   1 |   72.0 |
               +--------+--------+--------+--------+--------+-----+--------+

Top non-repeatable levels by time:
     D:1: 72 daAuts
